Map: 暮色之塔

Players

shengy - Winner!

  • Race: Zerg Zerg

电脑难度(新手)

  • Race: Zerg Zerg

VOD

Have the link to the VOD?

Description

Time

  • Played on: Nov. 20, 2015, 10:12 p.m.
  • Length: 18:46
Show
View Real Time Build Order
Export as new Build Order

shengy Zerg - Winner!

Build Orders: Hatch First 

Get SALT Encoding   

  12  0:02  Drone  
  13  0:09  Drone  
  14  0:17  Overlord  
  14  0:33  Overlord  
  14  0:34  Overlord  
  14  0:37  Drone  
  15  0:46  Drone  
  16  0:56  Drone  
  17  1:10  Hatchery  
  17  1:11  Drone  
  17  1:29  Spawning Pool  
  17  1:30  Drone  
  17  1:31  Drone  
  18  1:40  Drone  
  19  1:56  Drone  
  19  1:57  Hatchery  
  19  2:01  Drone  
  20  2:10  Extractor  
  20  2:12  Drone  
  20  2:14  Extractor  
  19  2:16  Queen  
  19  2:22  Drone x2  
  23  2:31  Queen  
  25  2:38  Drone  
  25  2:40  Drone  
  27  2:46  Drone  
  27  2:47  Drone  
  29  2:54  Queen  
  29  2:58  Drone  
  32  3:01  Drone  
  33  3:09  Lair  
  33  3:13  Drone  
  33  3:16  Drone  
  33  3:18  Drone  
  36  3:24  Drone  
  36  3:25  Overlord  
  37  3:27  Drone  
  37  3:30  Drone  
  39  3:38  Drone  
  40  3:41  Drone  
  40  3:45  Extractor, Drone  
  40  3:46  Drone  
  40  3:48  Drone  
  43  3:57  Roach Warren  
  42  4:02  Queen  
  42  4:03  Drone  
  42  4:04  Drone  
  46  4:11  Drone  
  46  4:13  Overlord  
  46  4:14  Metabolic Boost  
  47  4:20  Drone x3  
  47  4:21  Drone x2, Extractor  
  47  4:22  Drone  
  47  4:23  Drone  
  53  4:25  Drone  
  53  4:28  Overseer  
  53  4:30  Drone  
  55  4:37  Drone x3  
  58  4:40  Drone  
  58  4:42  Drone  
  58  4:43  Extractor, Drone x2  
  61  4:47  Roach x2  
  65  5:11  Ravager  
  66  5:14  Overlord x2  
  66  5:15  Overlord x2  
  66  5:27  Spire  
  65  5:29  Drone, Infestation Pit  
  65  5:31  Spire  
  65  5:35  Drone, Extractor  
  63  5:36  Drone x7  
  63  5:37  Drone x5  
  63  5:40  Drone  
  77  5:47  Queen  
  79  5:51  Overseer  
  79  6:01  Hatchery  
  78  6:12  Swarm Host x2  
  84  6:52  Hatchery  
  83  6:57  Ravager  
  84  7:30  Zerg Flyer Weapons Level 1, Zerg Flyer Armor Level 1  
  82  7:37  Pneumatized Carapace  
  82  8:16  Queen  
  84  8:32  Queen  
  84  8:34  Drone x3  
  89  10:10  Hive  
  89  10:16  Corruptor  
  89  10:17  Corruptor x4  
  89  10:20  Mutalisk x4  
  89  10:21  Infestor  
  107  10:26  Hydralisk Den, Overlord  
  107  10:27  Overlord x7  
  107  10:28  Glial Reconstitution, Overlord x2  
  108  11:09  Zergling x2  
  108  11:10  Zergling x2  
  108  11:11  Zergling x14  
  117  11:39  Extractor  
  116  11:41  Extractor  
  116  11:43  Nydus Network  
  114  11:47  Ultralisk Cavern, Tunneling Claws  
  114  11:52  Baneling Nest  
  112  12:13  Evolution Chamber  
  112  12:14  Evolution Chamber  
  110  12:15  Evolution Chamber  
  109  12:35  Chitinous Plating  
  109  12:37  Viper x3  
  109  12:38  Ultralisk x4  
  109  12:39  Ultralisk x2  
  154  13:43  Hatchery  
  153  13:49  Hatchery  
  153  13:55  Greater Spire  
  152  13:56  Pathogen Glands  
  152  14:04  Extractor  
  151  14:45  Infestor  
  151  14:46  Infestor x3  
  151  14:47  Infestor x10  
  151  14:48  Infestor x5  
  151  14:51  Overlord x2  
  151  14:52  Neural Parasite  
  189  16:22  Nydus Canal  
  189  16:32  Burrow  
  189  16:44  Baneling  
  189  16:45  Baneling  
  189  16:46  Baneling x5  
  186  17:57  Overseer  
  186  17:58  Overseer x3  
  186  17:59  Overseer x7  
Show
View Real Time Build Order
Export as new Build Order

电脑难度(新手) Zerg 

Build Orders: Pool First 

Get SALT Encoding   

  12  0:00  Drone  
  13  0:12  Overlord  
  13  0:17  Drone  
  14  0:36  Spawning Pool  
  14  0:37  Extractor  
  14  0:39  Drone  
  13  0:47  Drone  
  14  0:51  Overlord  
  14  1:23  Queen, Zergling x2  
  17  1:30  Roach Warren  
  16  1:33  Drone  
  16  1:38  Extractor  
  16  1:42  Drone  
  17  1:49  Zergling x2  
  18  2:00  Drone  
  19  2:07  Drone  
  20  2:14  Zergling x2  
  21  2:16  Drone  
  22  2:27  Overlord  
  22  2:30  Drone  
  23  2:37  Drone  
  23  2:40  Roach  
  26  2:44  Drone  
  27  7:03  Drone  
  27  7:04  Lair, Overlord  
  28  7:11  Hatchery, Drone  
  28  7:18  Drone  
  29  7:25  Drone  
  26  7:51  Zergling x2  
  26  8:01  Overseer  
  26  8:02  Overseer  
  26  8:03  Spire  
  25  8:23  Drone  
  26  8:30  Drone, Extractor  
  26  8:34  Extractor  
  25  8:37  Drone  
  26  8:45  Drone  
  27  8:52  Drone  
  28  8:59  Drone  
  29  9:06  Drone  
  30  9:13  Drone  
  30  9:15  Mutalisk  
  33  9:21  Drone  
  34  9:28  Drone  
  35  9:35  Drone  
  36  9:42  Drone  
  37  9:49  Drone  
  38  9:56  Drone  
  39  10:00  Mutalisk  
  39  10:04  Drone  
  42  10:11  Drone  
  43  10:18  Drone  
  44  10:25  Drone  
  44  10:27  Overlord  
  45  10:32  Drone  
  46  10:39  Drone  
  47  12:40  Pneumatized Carapace  
  47  12:41  Overseer  
  47  12:42  Overlord  
  47  12:43  Overlord, Infestation Pit, Roach  
  48  12:45  Drone  
  48  12:46  Evolution Chamber  
  48  12:52  Drone  
  47  13:15  Zergling x2  
  45  13:20  Overlord  
  45  13:25  Hive  
  45  13:27  Hatchery  
  44  13:42  Overseer  
  44  13:44  Infestor  
  46  13:50  Overlord  
  46  13:59  Overseer  
  46  14:14  Infestor  
  48  14:38  Viper  
  48  14:39  Drone  
  52  14:49  Extractor  
  52  14:51  Drone  
  52  14:54  Extractor  
  52  14:58  Drone  
  52  15:29  Viper  
  52  15:32  Overlord  
  52  15:34  Overlord  
  52  15:54  Overlord  
  52  16:04  Overseer  
  52  16:37  Overlord  
  52  16:49  Roach  
  49  16:58  Drone  
  35  17:03  Overlord  
  35  17:05  Drone  
  32  17:12  Drone  
  33  17:18  Roach  
  33  17:19  Drone  
  36  17:26  Drone  
  35  17:30  Viper  
  35  17:34  Drone  
  36  17:41  Drone  
  33  17:45  Overlord  
  33  17:49  Overlord  
  31  17:52  Overlord  
  23  18:09  Overlord x2  
  23  18:16  Hatchery, Overlord  
  22  18:22  Spawning Pool  
  19  18:31  Drone  
Tags
 
Add a new tag
Caveats
  • Supply blocks, unpowered buildings, or Contaminate may cause inaccurate times.
  • Supply counts are checked every 10 seconds.